TOP OF THE 1ST |
Akron RubberDucks batting - Pitching for Montgomery Biscuits : RHP Ken Vandercook
|
Pitching: RHP Ken Vandercook
|
|
Batting: SHB Marvin Garcia
|
0-0: Ball 1-0: Called Strike 1-1: Ball 2-1: Foul Ball, location: 2F 2-2: Ball 3-2: Ground out 6-3 (Groundball, 6M, EV 83.8 MPH)
|
Batting: RHB Kaoru Toda
|
0-0: Ground out 4-3 (Groundball, 34, EV 82.5 MPH)
|
Batting: RHB Henri Cederberg
|
0-0: Called Strike 0-1: Ball 1-1: Ball 2-1: Foul Ball, location: 2F 2-2: Foul Ball, location: 2F 2-2: Strikes out swinging
|
Top of the 1st over - 0 runs, 0 hits, 0 errors, 0 left on base; Akron 0 - Montgomery 0 |
BOTTOM OF THE 1ST |
Montgomery Biscuits batting - Pitching for Akron RubberDucks : RHP Jon Glenn
|
Pitching: RHP Jon Glenn
|
|
Batting: LHB Harris Vink
|
0-0: Ball 1-0: Ball 2-0: Ball 3-0: Called Strike 3-1: SINGLE (Groundball, 4, EV 96.9 MPH)
|
Batting: RHB Paul Landes
|
0-0: Fly out, F8 (Line Drive, 8LM, EV 110.6 MPH)
|
Batting: RHB Chris Thorson
|
0-0: Called Strike Harris Vink is caught stealing 2nd base 2-4 0-1: Foul Ball, location: 2F 0-2: Ball 1-2: Foul Ball, location: 2F 1-2: Ground out 4-3 (Groundball, 4S, EV 71.2 MPH)
|
Bottom of the 1st over - 0 runs, 1 hit, 0 errors, 0 left on base; Akron 0 - Montgomery 0 |
TOP OF THE 2ND |
Akron RubberDucks batting - Pitching for Montgomery Biscuits : RHP Ken Vandercook
|
Batting: RHB Danny Anderson
|
0-0: Foul Ball, location: 2F 0-1: Ball 1-1: Ball 2-1: DOUBLE (Line Drive, 7LM, EV 111.9 MPH)
|
Batting: RHB Ian Sousa
|
0-0: Foul Ball, location: 2F 0-1: Ball 1-1: Ball 2-1: Swinging Strike 2-2: Strikes out swinging
|
Batting: RHB Luis Restrepo
|
0-0: Called Strike 0-1: Fly out, F8 (Flyball, 8LM, EV 92.5 MPH)
|
Batting: LHB Tony Ponce
|
0-0: Called Strike 0-1: Foul Ball, location: 2F 0-2: Fly out, F8 (Flyball, 8RXD, EV 90.0 MPH)
|
Top of the 2nd over - 0 runs, 1 hit, 0 errors, 1 left on base; Akron 0 - Montgomery 0 |
BOTTOM OF THE 2ND |
Montgomery Biscuits batting - Pitching for Akron RubberDucks : RHP Jon Glenn
|
Batting: RHB Jose Arriola
|
0-0: Ball 1-0: Ground out U3 (Groundball, 34S, EV 80.0 MPH)
|
Batting: RHB Freddy Mullen
|
0-0: Foul Ball, location: 2F 0-1: Ball 1-1: Called Strike 1-2: Strikes out swinging
|
Batting: SHB Julio Hernandez
|
0-0: Called Strike 0-1: Swinging Strike 0-2: Ball 1-2: Ball 2-2: Ground out U3 (Groundball, 3, EV 86.2 MPH)
|
Bottom of the 2nd over - 0 runs, 0 hits, 0 errors, 0 left on base; Akron 0 - Montgomery 0 |
TOP OF THE 3RD |
Akron RubberDucks batting - Pitching for Montgomery Biscuits : RHP Ken Vandercook
|
Batting: LHB Aaron Caron
|
0-0: Ball 1-0: Foul Ball, location: 2F 1-1: Reached via error on a dropped throw from 2B, E3 (Groundball, 34, EV 87.5 MPH)
|
Batting: SHB Justin Veatch
|
0-0: Swinging Strike 0-1: Called Strike 0-2: Strikes out swinging
|
Batting: SHB Marvin Garcia
|
0-0: Ball 1-0: Ball 2-0: Swinging Strike 2-1: Ball 3-1: Base on Balls Aaron Caron to second
|
Batting: RHB Kaoru Toda
|
0-0: Ball 1-0: Fly out, F8 (Flyball, 8LM, EV 83.1 MPH)
|
Batting: RHB Henri Cederberg
|
0-0: Ball 1-0: Ball 2-0: Fly out, F7 (Flyball, 78S, EV 83.8 MPH)
|
Top of the 3rd over - 0 runs, 0 hits, 1 error, 2 left on base; Akron 0 - Montgomery 0 |
BOTTOM OF THE 3RD |
Montgomery Biscuits batting - Pitching for Akron RubberDucks : RHP Jon Glenn
|
Batting: LHB Danny Hull
|
0-0: Called Strike 0-1: Swinging Strike 0-2: Ball 1-2: Foul Ball, location: 2F 1-2: Strikes out swinging
|
Batting: RHB Isaiah Easter
|
0-0: Ball 1-0: Ball 2-0: Called Strike 2-1: Ground out 3-1 (Groundball, 34, EV 93.8 MPH)
|
Batting: RHB Khalil Walker
|
0-0: Called Strike 0-1: Ball 1-1: Ball 2-1: TRIPLE (Line Drive, 9LD, EV 102.5 MPH)
|
Batting: LHB Harris Vink
|
0-0: Ball 1-0: Called Strike 1-1: Fly out, F7 (Flyball, 7, EV 85.6 MPH)
|
Bottom of the 3rd over - 0 runs, 1 hit, 0 errors, 1 left on base; Akron 0 - Montgomery 0 |
TOP OF THE 4TH |
Akron RubberDucks batting - Pitching for Montgomery Biscuits : RHP Ken Vandercook
|
Batting: RHB Danny Anderson
|
0-0: Called Strike 0-1: Ball 1-1: Ball 2-1: Called Strike 2-2: SINGLE (Groundball, 56S, EV 65.0 MPH) (infield hit)
|
Batting: RHB Ian Sousa
|
0-0: Called Strike 0-1: Ball 1-1: Foul Ball, location: 2F 1-2: Fly out, F8 (Flyball, 8RD, EV 95.0 MPH) Runner from 1st tags up, SAFE at 2nd
|
Batting: RHB Luis Restrepo
|
0-0: Ball 1-0: Foul Ball, location: 2F 1-1: Swinging Strike 1-2: Strikes out swinging passed ball, reaches first! Danny Anderson to third
|
Batting: LHB Tony Ponce
|
0-0: Called Strike Luis Restrepo steals 2nd base 0-1: SINGLE (Groundball, 4M, EV 106.9 MPH) (infield hit) Danny Anderson scores Luis Restrepo to third
|
Batting: LHB Aaron Caron
|
0-0: Swinging Strike 0-1: Foul Ball, location: 2F 0-2: Ball 1-2: Ball 2-2: Strikes out looking
|
Batting: SHB Justin Veatch
|
0-0: Ball 1-0: Ball 2-0: Foul Ball, location: 2F 2-1: Ball 3-1: Swinging Strike 3-2: SINGLE (Line Drive, 34D, EV 100.0 MPH) Luis Restrepo scores Tony Ponce to second Tony Ponce to third
|
Batting: SHB Marvin Garcia
|
0-0: Ball 1-0: Ball 2-0: Ball 3-0: Called Strike 3-1: SINGLE (Groundball, 13S, EV 70.0 MPH) (infield hit) Tony Ponce scores Justin Veatch to second
|
Batting: RHB Kaoru Toda
|
0-0: Called Strike 0-1: Ball 1-1: Ball 2-1: Foul Ball, location: 2F 2-2: TRIPLE (Line Drive, 7LM, EV 97.5 MPH) Justin Veatch scores Marvin Garcia scores
|
Pitching: RHP Antonio Sanchez
|
|
Batting: RHB Henri Cederberg
|
0-0: Ground out 4-3 (Groundball, 34, EV 100.0 MPH)
|
Top of the 4th over - 5 runs, 5 hits, 0 errors, 1 left on base; Akron 5 - Montgomery 0 |
BOTTOM OF THE 4TH |
Montgomery Biscuits batting - Pitching for Akron RubberDucks : RHP Jon Glenn
|
Batting: RHB Paul Landes
|
0-0: Ground out 6-3 (Groundball, 6, EV 78.1 MPH)
|
Batting: RHB Chris Thorson
|
0-0: Called Strike 0-1: Ball 1-1: Foul Ball, location: 2F 1-2: Ball 2-2: Fly out, F9 (Flyball, 89M, EV 85.6 MPH)
|
Batting: RHB Jose Arriola
|
0-0: Foul Ball, location: 2F 0-1: Called Strike 0-2: Ground out 5-3 (Groundball, 56, EV 86.9 MPH)
|
Bottom of the 4th over - 0 runs, 0 hits, 0 errors, 0 left on base; Akron 5 - Montgomery 0 |
TOP OF THE 5TH |
Akron RubberDucks batting - Pitching for Montgomery Biscuits : RHP Antonio Sanchez
|
Batting: RHB Danny Anderson
|
0-0: Called Strike 0-1: Foul Ball, location: 2F 0-2: Ball 1-2: Foul Ball, location: 2F 1-2: SINGLE (Groundball, 5S, EV 75.6 MPH) (infield hit)
|
Batting: RHB Ian Sousa
|
0-0: Fielders Choice at 2nd, 4-6 (Groundball, 4, EV 106.2 MPH)
|
Batting: RHB Luis Restrepo
|
0-0: Ball 1-0: Called Strike 1-1: Ball 2-1: Ball 3-1: Foul Ball, location: 2F 3-2: Foul Ball, location: 2F 3-2: Foul Ball, location: 2F 3-2: Foul Ball, location: 2F 3-2: Base on Balls Ian Sousa to second
|
Batting: LHB Tony Ponce
|
0-0: Swinging Strike 0-1: Ball 1-1: Ball 2-1: Ball 3-1: Base on Balls Ian Sousa to third Luis Restrepo to second
|
Batting: LHB Aaron Caron
|
0-0: Ball 1-0: Ball 2-0: Called Strike 2-1: Fly out, F8 (Flyball, 78M, EV 88.1 MPH)
|
Batting: SHB Justin Veatch
|
0-0: Called Strike 0-1: Ball 1-1: Swinging Strike 1-2: Strikes out swinging
|
Top of the 5th over - 0 runs, 1 hit, 0 errors, 3 left on base; Akron 5 - Montgomery 0 |
BOTTOM OF THE 5TH |
Montgomery Biscuits batting - Pitching for Akron RubberDucks : RHP Jon Glenn
|
Batting: RHB Freddy Mullen
|
0-0: Called Strike 0-1: Ground out 5-3 (Groundball, 56S, EV 87.5 MPH)
|
Batting: SHB Julio Hernandez
|
0-0: Called Strike 0-1: Foul Ball, location: 2F 0-2: Ball 1-2: Ball 2-2: Strikes out swinging
|
Batting: LHB Danny Hull
|
0-0: Ball 1-0: SINGLE (Groundball, 34D, EV 98.8 MPH)
|
Batting: RHB Isaiah Easter
|
0-0: Ball Danny Hull steals 2nd base (no throw) 1-0: Swinging Strike 1-1: Foul Ball, location: 2F 1-2: DOUBLE (Line Drive, 89D, EV 105.6 MPH) Danny Hull scores
|
Batting: RHB Khalil Walker
|
0-0: Fly out, F9 (Flyball, 89M, EV 88.8 MPH)
|
Bottom of the 5th over - 1 run, 2 hits, 0 errors, 1 left on base; Akron 5 - Montgomery 1 |
TOP OF THE 6TH |
Akron RubberDucks batting - Pitching for Montgomery Biscuits : RHP Antonio Sanchez
|
Batting: SHB Marvin Garcia
|
0-0: Called Strike 0-1: Foul Ball, location: 2F 0-2: Ball 1-2: Foul Ball, location: 2F 1-2: Ball 2-2: Fly out, F9 (Flyball, 89S, EV 82.5 MPH)
|
Batting: RHB Kaoru Toda
|
0-0: Foul Ball, location: 2F 0-1: Called Strike 0-2: Ball 1-2: Ball 2-2: Ball 3-2: Foul Ball, location: 2F 3-2: Base on Balls
|
Pitching: LHP Chris Polite
|
|
Batting: RHB Henri Cederberg
|
0-0: Ball 1-0: Called Strike 1-1: Grounds into double play, 4-6-3 (Groundball, 4, EV 79.4 MPH)
|
Top of the 6th over - 0 runs, 0 hits, 0 errors, 0 left on base; Akron 5 - Montgomery 1 |
BOTTOM OF THE 6TH |
Montgomery Biscuits batting - Pitching for Akron RubberDucks : RHP Jon Glenn
|
Batting: LHB Harris Vink
|
0-0: Ball 1-0: Called Strike 1-1: Fly out, F5 (Line Drive, 5, EV 74.4 MPH)
|
Batting: RHB Paul Landes
|
0-0: Ball 1-0: SINGLE (Groundball, 6MD, EV 107.5 MPH)
|
Batting: RHB Chris Thorson
|
0-0: Ball 1-0: Ball 2-0: Swinging Strike 2-1: Ball 3-1: Fly out, F8 (Flyball, 78M, EV 95.0 MPH)
|
Batting: RHB Jose Arriola
|
0-0: Ball 1-0: SINGLE (Groundball, 6MD, EV 103.8 MPH) Paul Landes to second
|
Batting: RHB Freddy Mullen
|
0-0: Called Strike 0-1: Foul Ball, location: 2F 0-2: Ball 1-2: Ball 2-2: Foul Ball, location: 2F 2-2: Fly out, F8 (Flyball, 8LD, EV 91.2 MPH)
|
Bottom of the 6th over - 0 runs, 2 hits, 0 errors, 2 left on base; Akron 5 - Montgomery 1 |
TOP OF THE 7TH |
Akron RubberDucks batting - Pitching for Montgomery Biscuits : LHP Chris Polite
|
Batting: RHB Danny Anderson
|
0-0: Called Strike 0-1: Ball 1-1: Ball 2-1: Ground out 4-3 (Groundball, 4, EV 83.1 MPH)
|
Batting: RHB Ian Sousa
|
0-0: Called Strike 0-1: Foul Ball, location: 2F 0-2: Strikes out looking
|
Batting: RHB Luis Restrepo
|
0-0: Ball 1-0: Called Strike 1-1: Swinging Strike 1-2: Strikes out swinging
|
Top of the 7th over - 0 runs, 0 hits, 0 errors, 0 left on base; Akron 5 - Montgomery 1 |
BOTTOM OF THE 7TH |
Montgomery Biscuits batting - Pitching for Akron RubberDucks : RHP Jon Glenn
|
Batting: SHB Julio Hernandez
|
0-0: Foul Ball, location: 2F 0-1: Ball 1-1: Ball 2-1: Ground out 4-3 (Groundball, 4M, EV 80.6 MPH)
|
Batting: LHB Danny Hull
|
0-0: Foul Ball, location: 2F 0-1: Fly out, F7 (Flyball, 78M, EV 83.1 MPH)
|
Batting: RHB Isaiah Easter
|
0-0: Called Strike 0-1: Ball 1-1: Foul Ball, location: 2F 1-2: Ball 2-2: Fly out, F8 (Flyball, 8RM, EV 88.1 MPH)
|
Bottom of the 7th over - 0 runs, 0 hits, 0 errors, 0 left on base; Akron 5 - Montgomery 1 |
TOP OF THE 8TH |
Akron RubberDucks batting - Pitching for Montgomery Biscuits : LHP Chris Polite
|
Batting: LHB Tony Ponce
|
0-0: Called Strike 0-1: Foul Ball, location: 2F 0-2: Foul Ball, location: 2F 0-2: Ball 1-2: Fly out, F7 (Flyball, 7LM, EV 101.9 MPH)
|
Batting: LHB Aaron Caron
|
0-0: Foul Ball, location: 2F 0-1: Ball 1-1: Ball 2-1: Ball 3-1: SOLO HOME RUN (Flyball, 9D, EV 104.4 MPH), Distance : 378 ft
|
Batting: SHB Justin Veatch
|
0-0: Swinging Strike 0-1: Ball 1-1: Called Strike 1-2: Foul Ball, location: 2F 1-2: Strikes out swinging
|
Batting: SHB Marvin Garcia
|
0-0: Ball 1-0: Fly out, F9 (Flyball, 9LSF, EV 98.8 MPH)
|
Top of the 8th over - 1 run, 1 hit, 0 errors, 0 left on base; Akron 6 - Montgomery 1 |
BOTTOM OF THE 8TH |
Montgomery Biscuits batting - Pitching for Akron RubberDucks : RHP Jon Glenn
|
Batting: RHB Khalil Walker
|
0-0: Ball 1-0: Foul Ball, location: 2F 1-1: Called Strike 1-2: Strikes out swinging
|
Batting: LHB Harris Vink
|
0-0: Ball 1-0: Fly out, F8 (Flyball, 8RS, EV 89.4 MPH)
|
Batting: RHB Paul Landes
|
0-0: Called Strike 0-1: Foul Ball, location: 2F 0-2: Strikes out swinging
|
Bottom of the 8th over - 0 runs, 0 hits, 0 errors, 0 left on base; Akron 6 - Montgomery 1 |
TOP OF THE 9TH |
Akron RubberDucks batting - Pitching for Montgomery Biscuits : LHP Chris Polite
|
Batting: RHB Kaoru Toda
|
0-0: Called Strike 0-1: Ball 1-1: Ball 2-1: Ball 3-1: Foul Ball, location: 2F 3-2: Strikes out swinging
|
Batting: RHB Henri Cederberg
|
0-0: Ball 1-0: Called Strike 1-1: Called Strike 1-2: Ball 2-2: Ball 3-2: Foul Ball, location: 2F 3-2: Foul Ball, location: 2F 3-2: Foul Ball, location: 2F 3-2: Base on Balls
|
Batting: RHB Danny Anderson
|
0-0: Called Strike 0-1: Ball Henri Cederberg steals 2nd base (no throw) 1-1: Ground out 6-3 (Groundball, 6, EV 102.5 MPH)
|
Pitching: RHP Melvin Pena
|
|
Batting: RHB Ian Sousa
|
0-0: Foul Ball, location: 2F 0-1: Fly out, F8 (Flyball, 8LXD, EV 104.4 MPH)
|
Top of the 9th over - 0 runs, 0 hits, 0 errors, 1 left on base; Akron 6 - Montgomery 1 |
BOTTOM OF THE 9TH |
Montgomery Biscuits batting - Pitching for Akron RubberDucks : RHP Jon Glenn
|
Batting: RHB Chris Thorson
|
0-0: Called Strike 0-1: Foul Ball, location: 2F 0-2: Strikes out swinging
|
Batting: RHB Jose Arriola
|
0-0: SINGLE (Line Drive, 78S, EV 89.4 MPH)
|
Batting: RHB Freddy Mullen
|
0-0: Called Strike 0-1: Called Strike 0-2: SINGLE (Flyball, 8RS, EV 88.8 MPH) Jose Arriola to second
|
Batting: SHB Julio Hernandez
|
0-0: Called Strike 0-1: SINGLE (Groundball, 15, EV 88.1 MPH) (infield hit) Jose Arriola to third Freddy Mullen to second
|
Pitching: RHP Chris Painter
|
|
Batting: LHB Danny Hull
|
0-0: Ball 1-0: Foul Ball, location: 2F 1-1: Foul Ball, location: 2F 1-2: Foul Ball, location: 2F 1-2: Grounds into double play, 4-6-3 (Groundball, 34, EV 88.1 MPH)
|
Bottom of the 9th over - 0 runs, 3 hits, 0 errors, 2 left on base; Akron 6 - Montgomery 1 |
|